[Event "Late-Titled-Tuesday-Blitz-June-25-2024"]
[Site "Chess.com"]
[Date "2024.06.25"]
[Round "7"]
[White "King_Deded4d5"]
[Black "ritanovikova"]
[Result "1/2-1/2"]
[WhiteElo "2458"]
[BlackElo "2259"]
[TimeControl "180+1"]
[EndTime "15:18:03 PDT"]
[Termination "Game drawn by repetition"]

1. e4 e5 2. Nf3 Nf6 3. Nxe5 d6 4. Nf3 Nxe4 5. Nc3 Nxc3 6. dxc3 Be7 7. Bd3 O-O 8. O-O Bg4 9. Be3 Nd7 10. h3 Bh5 11. Be2 c6 12. Nd4 Bxe2 13. Qxe2 d5 14. Rfe1 Re8 15.
Qd2 Ne5 16. Nf5 Bf6 17. Rad1 Nc4 18. Qc1 g6 19. Ng3 Nxe3 20. Rxe3 Rxe3 21. Qxe3 Qe7 22. Qxe7 Bxe7 23. Re1 Bd6 24. Kf1 Bxg3 25. fxg3 Kf8 26.
Kf2 Re8 27. Rxe8+ Kxe8 28. Ke3 Ke7 29. Kd4 Kd6 30. b4 b6 31. c4 c5+ 32. Kd3 cxb4 33. Kd4 dxc4 34. Kxc4 a5 35. Kb5 Kc7 36. g4 g5 37. g3 h6 38. h4 Kb7 39. hxg5 hxg5 40. Kc4 Kc6 41. Kd4 Kd6 42. Ke4 Ke6 43. Kd4 f5 44.
gxf5+ Kxf5 45. Ke3 g4 46. Kd4 Ke6 47. Ke4 b5 48. Kf4 Kd5 49. Kxg4 Kc4 50. Kf5 Kc3 51. g4 Kxc2 52. g5 a4 53. g6 b3 54. axb3 axb3 55. g7 b2 56. g8=Q b1=Q 57. Qc8+ Kb2+ 58. Kf4 b4 59.
Qh8+ Kb3 60. Qg8+ Ka4 61. Qa8+ Kb5 62. Qb7+ Kc4 63. Qc6+ Kb3 64. Qd5+ Ka3 65. Qa5+ Kb3 66. Qd5+ Kc3 67. Qe5+ Kd2 68. Qd4+ Ke2 69. Qc4+ Kf2 70.
Qd4+ Ke1 71. Qe3+ Kd1 72. Qd4+ Ke2 73. Qe3+ Kd1 74. Qd4+ Kc2 75. Qc4+ Kd1 76. Qd4+ 1/2-1/2

[Event "Late-Titled-Tuesday-Blitz-June-25-2024"]
[Site "Chess.com"]
[Date "2024.06.25"]
[Round "7"]
[White "Hikaru"]
[Black "Oleksandr_Bortnyk"]
[Result "1/2-1/2"]
[WhiteElo "3218"]
[BlackElo "3072"]
[TimeControl "180+1"]
[EndTime "15:18:08 PDT"]
[Termination "Game drawn - insufficient material"]

1. d4 d6 2. e4 Nf6 3. Nc3 e5 4.
Nf3 Nbd7 5. Bc4 Be7 6. O-O O-O 7.
a4 a6 8. Re1 b6 9. d5 h6 10. a5 b5 11. Bd3 Nc5 12. Na2 Nxd3 13. Qxd3 c5 14. dxc6 Qxa5 15. Bd2 Qc7 16. Nb4 Re8 17.
c4 a5 18. cxb5 Bg4 19. Na6 Qc8 20. Rxa5 d5 21. Nxe5 dxe4 22. Qf1 Bd6 23. b6 Bxe5 24. b7 Qxc6 25. bxa8=Q Rxa8 26. Rxe5 Rxa6 27. Bc3 Be6 28. Qb5 Qa8 29. Rc5 Nd5 30. Bd2 Rb6 31. Qa5 Qxa5 32.
Bxa5 Rxb2 33. Rxe4 Ra2 34. h3 g5 35. Bc7 Ra1+ 36.
Kh2 Ra2 37. Bg3 Kg7 38. Rc1 Kg6 39. Rd4 Nf6 40. f3 h5 41. Be5 Nd7 42. Bc7 g4 43. fxg4 hxg4 44. h4 Nf6 45. Rc5 Nh7 46. h5+ Kh6 47.
Bf4+ Kg7 48. Rd8 Nf6 49. Be5 Rf2 50. Bd4 Rf1 51. Bb2 Kh7 52. Bxf6 Rxf6 53. Kg3 Rf1 54.
Kh4 Rh1+ 55. Kg5 Rf1 56. Rd6 Rf2 57. Rc7 Kg8 58. h6 Rf5+ 59. Kh4 Rf6 60. Kh5 Rf5+ 61. Kxg4 Rc5+ 62. Rxe6 Rxc7 63. Rf6 Kh7 64. Kh4 Rc1 65. g4 Rc5 66. g5 Rc7 67. Kh5 Ra7 68. Rf2 Re7 69. Rb2 Re1 70. Rb7 Rh1+ 71. Kg4 Rf1 72. Rb3 Rg1+ 73. Kf4 Rf1+ 74. Ke5 Kg6 75. Rh3 Re1+ 76.
Kd6 Re8 77. h7 Rh8 78. Ke7 Kg7 79. Rh6 f5 80. Ke6 Rxh7 81. Kxf5 Rxh6 82. gxh6+ Kxh6 1/2-1/2

[Event "Late-Titled-Tuesday-Blitz-June-25-2024"]
[Site "Chess.com"]
[Date "2024.06.25"]
[Round "7"]
[White "Bkmzzzzz"]
[Black "DanylaBagrov"]
[Result "0-1"]
[WhiteElo "2393"]
[BlackElo "2569"]
[TimeControl "180+1"]
[EndTime "15:18:15 PDT"]
[Termination "DanylaBagrov won on time"]

1. e4 c5 2. Nf3 a6 3. c4 Nc6 4.
d4 cxd4 5. Nxd4 Nf6 6. Nc3 e5 7.
Nf5 d5 8. cxd5 Nxe4 9. Ne3 Nxc3 10. bxc3 Na5 11. Bd3 Be7 12. O-O g6 13. c4 O-O 14.
Bd2 b5 15. cxb5 axb5 16. Bxb5 Ba6 17. Qe2 Bb7 18. Rfd1 f5 19. d6 Bf6 20. a4 Kh8 21.
d7 f4 22. Ng4 f3 23. gxf3 Nb3 24.
Ra3 Nd4 25. Qc4 Bxf3 26. Nxf6 Qxf6 27. Re1 Qf5 28. Rxe5 Qg4+ 29. Kf1 Qg2+ 30. Ke1 Bh5 31. Rxh5 Qg1+ 32. Qf1 Nf3+ 33. Kd1 Qxf1+ 34. Bxf1 Nxd2 35.
Rd5 Nxf1 36. Ke2 Nxh2 37. Rad3 Rfd8 38. a5 Ng4 39. Rd6 Ne5 40. R3d5 Nc4 41. Rc6 Nxa5 42. Rcc5 Nb3 43. Rc7 Kg7 44. Kd3 Kf7 45. Kc4 Rab8 46. Rd3 Nc1 47. Rd1 Ne2 48. Re1 Nf4 49. Kc5 Ne6+ 50.
Kd6 Nxc7 51. Kxc7 Ra8 52. Rb1 Rf8 53. Re1 Ra7+ 54. Kd6 Rd8 55. Re7+ Kf6 56. Rxh7 Kf5 57. Rf7+ Kg4 58. Ke6 g5 59. Rg7 Kf4 60. Rf7+ Ke4 61. Kd6 g4 62. Rg7 Kf5 63. Rf7+ Kg6 64. Re7 Kf6 65. Rh7 Ra2 66. Kc7 Raa8 67. Rh6+ Kg5 68. Rd6 Kf5 69. Rd3 Ke4 70. Re3+ Kf4 71. Rd3 Rab8 72.
Re3 Ra8 73. Rd3 Kf5 74. Re3 Rh8 75. Rd3 Rad8 76. Re3 Rhg8 77. Rd3 Ke4 78. Re3+ Kd4 79. Rd3+ Kxd3 0-1

[Event "Late-Titled-Tuesday-Blitz-June-25-2024"]
[Site "Chess.com"]
[Date "2024.06.25"]
[Round "7"]
[White "reevecanada"]
[Black "zajka-molotok"]
[Result "1/2-1/2"]
[WhiteElo "2706"]
[BlackElo "2554"]
[TimeControl "180+1"]
[EndTime "15:18:25 PDT"]
[Termination "Game drawn by repetition"]

1. Nf3 d5 2. b3 Nf6 3. Bb2 g6 4. e3 Bg7 5. c4 e6 6. cxd5 exd5 7. Nc3 O-O 8. Be2 c6 9. O-O Re8 10. b4 a6 11. d4 Bf5 12. a4 Nbd7 13. a5 Ne4 14. Na4 Nd6 15. Nc5 Qe7 16. Bc3 h5 17.
h3 Bf6 18. Bd3 Bxd3 19. Qxd3 Kg7 20. Nd2 Nf8 21. Rfe1 Ne6 22. e4 Nxc5 23. bxc5 Nxe4 24. f3 Nxc5 25. Qb1 Qxe1+ 26. Qxe1 Rxe1+ 27. Rxe1 Ne6 28. Nb3 c5 29. Rd1 c4 30. Nc1 Re8 31. Kf2 Nf4 32. h4 Bd8 33. g3 Ne6 34. Ne2 b6 35. Rb1 b5 36. Kg2 Bc7 37. Kf2 Bd6 38. Rb2 Rb8 39.
Bb4 Bxb4 40. Rxb4 Nd8 41. Nc3 Nc6 42. Rb1 Nxd4 43. Nxd5 Nc6 44. Nc7 Nxa5 45. Nxa6 Rb6 46. Nb4 Nb3 47. Rd1 Nc5 48. Rd5 Ne6 49. f4 Nc7 50. Rc5 Na6 51. Nxa6 Rxa6 52. Rxb5 Rc6 53. Rb2 c3 54. Rc2 Kf6 55. Kf3 Kf5 56. Kf2 Kg4 57. Kg2 Rc4 58. Kf2 f6 59. Kg2 Rc7 60. Kf2 Rc4 61.
Kg2 Rc8 62. Kf2 Kf5 63. Kf3 Rc7 64. Ke3 Kg4 65. Kf2 f5 66. Kg2 Rc6 67. Kf2 Rb6 68. Rxc3 Rb2+ 69. Kf1 Kh3 70. Rc6 Kxg3 71. Rxg6+ Kxf4 72. Rg5 Ke4 73. Rxh5 f4 74. Ra5 Kf3 75. Ra3+ Kg4 76. h5 Rh2 77. Kg1 Rxh5 78. Kg2 Rb5 79. Kf1 Rb2 80. Kg1 Rc2 81. Kf1 Rh2 82. Kg1 Re2 83. Kf1 Rd2 84. Kg1 Rc2 85. Kf1 Rc4 86. Kf2 Rc2+ 87. Kf1 1/2-1/2

[Event "Late-Titled-Tuesday-Blitz-June-25-2024"]
[Site "Chess.com"]
[Date "2024.06.25"]
[Round "7"]
[White "GlavkonVVS"]
[Black "Charodej1"]
[Result "0-1"]
[WhiteElo "2634"]
[BlackElo "2507"]
[TimeControl "180+1"]
[EndTime "15:18:25 PDT"]
[Termination "Charodej1 won on time"]

1. c4 e5 2. Nc3 Nf6 3. g3 d5 4.
cxd5 Nxd5 5. Bg2 Nb6 6. Nf3 Nc6 7. d3 Be7 8. O-O O-O 9. a3 a5 10. Rb1 a4 11. Be3 Nd5 12. Nxa4 e4 13. Ne1 exd3 14. exd3 Nxe3 15. fxe3 Bg5 16. Nc3 Bxe3+ 17. Kh1 Nd4 18.
Nc2 Nxc2 19. Qxc2 c6 20. Ne4 Bd4 21. Qb3 Qb6 22. Qxb6 Bxb6 23. Nd6 Bc5 24. Nxc8 Raxc8 25. b4 Bd6 26. a4 Rc7 27. b5 c5 28. b6 Re7 29. a5 Rd8 30. Rb5 g6 31. Bd5 Kg7 32. Bc4 f5 33. Rf2 h5 34. Kg2 Kf6 35. Ra2 Ke5 36. a6 bxa6 37. Rxa6 Kd4 38. Ra2 Rb8 39. Rab2 Reb7 40. Kf3 g5 41. Be6 Ke5 42. Bc4 Kd4 43.
Kg2 h4 44. Rf2 Ke5 45. Re2+ Kd4 46. Re6 Rd8 47. gxh4 gxh4 48. Rf6 Rg7+ 49. Kh3 Rg5 50. b7 Be5 51. Rf7 Rg1 52. Rb6 Rh1 53. Kxh4 Rxh2+ 54.
Kg5 f4 55. Re6 Rg2+ 56. Kf5 f3 57. Rxe5 f2 58. Re4+ Kc3 59. Rf4 f1=Q 60. Rxf1 Rb2 61. Rf4 Rb6 62. Kg5 Rb8 63. R4f6 R6xb7 64. Rxb7 Rxb7 65.
Kf5 Rb1 66. Ke6 Kd4 67. Kd7 Kc3 68. Kc6 Kb4 69. Rf5 Rh1 70. Rd5 Rh6+ 71. Rd6 Rh5 72. Bd5 Rg5 73. Be4 c4 74. d4 c3 75. d5 Kb3 76.
Kd7 c2 77. Bxc2+ Kxc2 78. Rc6+ Kd3 79. d6 Ke4 80. Ra6 Rg7+ 0-1

[Event "Late-Titled-Tuesday-Blitz-June-25-2024"]
[Site "Chess.com"]
[Date "2024.06.25"]
[Round "7"]
[White "Ali_rastbod"]
[Black "xasid81"]
[Result "0-1"]
[WhiteElo "2700"]
[BlackElo "2565"]
[TimeControl "180+1"]
[EndTime "15:18:44 PDT"]
[Termination "xasid81 won by resignation"]

1. d4 d5 2. c4 e6 3. Nc3 Nf6 4. Bg5 Be7 5. e3 c6 6. Nf3 h6 7. Bh4 Nbd7 8. Rc1 b6 9. cxd5 exd5 10. Bd3 Bb7 11. O-O O-O 12. Bg3 a6 13. h3 c5 14.
Ne5 cxd4 15. exd4 Nxe5 16. Bxe5 Bd6 17. Re1 Bxe5 18. dxe5 Nd7 19. Qh5 Nc5 20. Bb1 d4 21. Rcd1 Ne6 22. Qf5 g6 23. Qg4 Qg5 24. Ne4 Qxg4 25. hxg4 Bxe4 26. Bxe4 Rad8 27. b4 a5 28. a3 Rc8 29. Rd3 Rc3 30. Red1 Rfc8 31. g3 Rxd3 32.
Rxd3 axb4 33. axb4 Rc4 34. Rb3 Rc3 35. Rb2 Ng5 36.
Bg2 d3 37. Rd2 Ne6 38. Be4 Rc4 39. Bxd3 Rxb4 40. Be2 Rd4 41. Rb2 Re4 42. f4 g5 43.
Bd3 Re3 44. Bf5 Rxg3+ 45. Kf2 gxf4 46. Rxb6 Ng5 47. Rxh6 Nh3+ 48. Ke1 f3 49. Rxh3 Rxh3 50. Kf2 Kg7 51. g5 Rh5 52. Kxf3 Rxg5 53. Kf4 Rg1 54. Bd7 Rf1+ 55. Ke4 Rd1 56. Bc8 Re1+ 57. Kf4 Kf8 58. Bf5 Ke7 59. Bg4 Kd8 60. Bh5 Kc7 61. Kf5 Rf1+ 62.
Ke4 Kd7 63. Bg4+ Ke7 64. Bh3 Rf2 65. Bg4 Ra2 66. Kf5 Ra4 67. Bf3 Rb4 68. Bg2 Rb2 69.
Be4 Rb5 70. Kf4 Ra5 71. Bf3 Ke6 72. Bg4+ Kd5 73. Bh5 Ra7 74. Kf5 Re7 75. Kf6 Re6+ 76. Kxf7 Rxe5 77. Bg6 Kd6 78. Kg7 Ke6 79. Kh8 Kf6 80. Bh7 Re8+ 81. Bg8 Re1 82. Bh7 Kg5 83. Bg8 Kh6 84. Bf7 Rf1 85. Bg8 Rg1 86. Bf7 Rg7 87.
Bg8 Ra7 88. Be6 Kg6 89. Bg8 Rb7 90. Be6 Rh7+ 91. Kg8 Re7 0-1

[Event "Late-Titled-Tuesday-Blitz-June-25-2024"]
[Site "Chess.com"]
[Date "2024.06.25"]
[Round "7"]
[White "Mikhail_Golubev"]
[Black "PoAslan"]
[Result "1-0"]
[WhiteElo "2659"]
[BlackElo "2450"]
[TimeControl "180+1"]
[EndTime "15:18:53 PDT"]
[Termination "Mikhail_Golubev won by resignation"]

1. e4 c5 2. Nf3 e6 3. d4 cxd4 4. Nxd4 Nc6 5. Nc3 Qc7 6. Be3 a6 7. a3 Nf6 8. f4 d6 9. Qf3 Bd7 10. O-O-O h5 11. Kb1 Nxd4 12. Bxd4 e5 13. fxe5 dxe5 14. Qg3 Bd6 15. Qxg7 Ke7 16. Qxf6+ Kxf6 17. Nd5+ Kg6 18. Nxc7 Bxc7 19. Bxe5 Bxe5 20. Rxd7 Rhd8 21. Rxd8 Rxd8 22. Bd3 b5 23. h3 h4 24. Rf1 f6 25.
Rf3 Rb8 26. c3 a5 27. Be2 Kf7 28. Kc2 Ke7 29. Rd3 b4 30. cxb4 axb4 31. a4 Ra8 32. Kb3 Bd6 33. Bg4 Ra5 34. Rd5 Ra6 35. Rb5 Rc6 36.
Rb7+ Kd8 37. a5 Bc7 38. Kxb4 Rc2 39. Kb3 Rc6 40. Be2 Bxa5 41. Rb5 Bc7 42. Rd5+ Ke7 43. Bg4 Bd6 44. Ka2 Rc2 45. Bf3 Be5 46. Rb5 Kd6 47.
Ka3 Rc1 48. Rb3 Kc5 49. Ka2 Kc4 50.
Rb7 Kd3 51. Rb6 Rc5 52. Rb7 Ra5+ 53. Kb1 Rc5 54. Rd7+ Kc4 55. Be2+ Kb4 56. Rb7+ Ka4 57. Bd1+ Ka5 58. b4+ Ka6 59. bxc5 Kxb7 60. Ba4 Bd4 61. c6+ Kc7 62. Kc2 Be5 63. Kd3 Kd6 64. Kc4 Bg3 65.
Kb5 Kc7 66. Bd1 Be5 67. Bg4 Bg3 68. Bd7 Bf2 69. Kc4 Kd6 70. Kd3 Bg3 71. Ke2 Be5 72. Kf3 Bg3 73. Kg4 Kc7 74. Kf5 Be5 75. Be8 Kd6 76. Bd7 Kc7 77. Ke6 Bd4 78. Kd5 Be5 79. Bf5 Bg3 80. Bg4 Be5 81. Bd1 Ba1 82.
Ba4 Be5 83. Ke6 Ba1 84. Kf5 Be5 85. Kg4 Bg3 86. e5 Bxe5 87. Kxh4 Kd6 88. Kg4 Ke7 89.
Kf5 Kf7 90. h4 Kg7 91. h5 Bc7 92. g4 Be5 93. Bb3 Bd6 94. Bc4 Bb8 95. Bd3 Bc7 96. Ke6 Be5 97. Bf5 Kh6 98. Kd7 Kg5 99. c7 Bxc7 100.
Kxc7 Kh6 101. Kd6 Kg5 102. Ke6 Kh6 103. Kf7 Kg5 104. Kg7 1-0

[Event "Late-Titled-Tuesday-Blitz-June-25-2024"]
[Site "Chess.com"]
[Date "2024.06.25"]
[Round "7"]
[White "Bykov_Egor"]
[Black "Azeryahu"]
[Result "0-1"]
[WhiteElo "2619"]
[BlackElo "2862"]
[TimeControl "180+1"]
[EndTime "15:19:28 PDT"]
[Termination "Azeryahu won by checkmate"]

1. Nf3 d5 2. b3 Nf6 3. e3 Bg4 4. Bb2 e6 5. h3 Bh5 6. g4 Bg6 7. Ne5 Nbd7 8. Nxg6 hxg6 9. Bg2 c6 10. d3 Bd6 11. Nd2 a5 12. a3 Qe7 13. Qe2 O-O 14. O-O Rfe8 15. f4 e5 16. f5 g5 17. e4 Bc5+ 18.
Kh1 Bd4 19. c3 Bb6 20. Nf3 Nh7 21. Rfe1 Rad8 22. Rad1 Nc5 23. exd5 cxd5 24. Qxe5 Qd7 25. Qg3 Bc7 26. Qf2 Rxe1+ 27. Nxe1 Nxb3 28. Nc2 a4 29. Ne3 Nf6 30. c4 Qd6 31. Bxd5 Bb6 32. d4 Qf4 33. Qxf4 gxf4 34. Ng2 Nxd5 35. cxd5 Bc7 36. Bc1 f3 37. Ne3 Bf4 38. Kg1 Nxc1 39. Nc4 Ne2+ 40. Kf2 Bg5 41. Kxf3 Nc3 42. Rd3 Nxd5 43. Ne5 b5 44. Nc6 Rc8 45. Na7 Rc3 46. Ke4 Rxd3 47. Kxd3 b4 48. Nb5 b3 49. Nd6 Be7 50. Nc4 g6 51. Ke4 Nc3+ 52. Kd3 Nb5 53. Nb6 Nxa3 54. Nxa4 Bb4 55. d5 gxf5 56.
gxf5 Kf8 57. d6 Bxd6 58. Kc3 Nb5+ 59. Kxb3 Nd4+ 60. Kc4 Nxf5 61. Kd5 Be7 62. Nb6 Nh4 63.
Ke5 Ng6+ 64. Kf5 Kg7 65. Nd7 Bd6 66. Nb6 Ne7+ 67. Kg5 f6+ 68. Kg4 Kg6 69. Nc4 f5+ 70. Kf3 Bc7 71. h4 Nc6 72. Ne3 Ne5+ 73. Ke2 f4 74.
Nd5 f3+ 75. Ke3 Bb8 76. Ne7+ Kh5 77. Nc6 Nxc6 78. Kxf3 Ne5+ 79. Ke4 Ng6 80. Kf5 Bg3 81. Ke4 Bf2 82. Kf5 Ba7 83. Ke4 Bb8 84. Kf5 Bc7 85.
Ke4 Bb6 86. Kf5 Ba5 87. Ke4 Bb4 88. Kf5 Ba3 89. Ke4 Bb2 90. Kf5 Ba1 91. Ke4 Bg7 92.
Kf5 Bh6 93. Ke4 Nf8 94. Kf5 Nd7 95. Ke4 Nf6+ 96. Kf5 Ng4 97. Ke4 Nh2 98. Kf5 Kxh4 99.
Ke4 Kg4 100. Ke5 Nf3+ 101. Ke4 Bf4 102. Kd5 Kf5 103. Kc4 Ke4 104. Kc5 Nd4 105. Kc4 Bd6 106. Kc3 Kd5 107. Kd3 Nf5 108. Kc3 Bc5 109. Kd3 Bd4 110. Kd2 Nd6 111. Ke2 Ke4 112. Kd2 Nb5 113. Ke2 Be3 114. Ke1 Nc3 115. Kf1 Kf3 116. Ke1 Bf4 117. Kf1 Bd2 118. Kg1 Ne4 119. Kf1 Nf2 120. Kg1 Bf4 121. Kf1 Bh2 122. Ke1 Ne4 123. Kf1 Nd2+ 124. Ke1 Ke3 125. Kd1 Kd3 126. Ke1 Bg3+ 127. Kd1 Nc4 128. Kc1 Bf2 129. Kd1 Nb2+ 130. Kc1 Kc3 131. Kb1 Be3 132. Ka2 Nc4 133. Kb1 Kb3 134. Ka1 Bf4 135. Kb1 Na3+ 136. Ka1 Be5# 0-1

[Event "Late-Titled-Tuesday-Blitz-June-25-2024"]
[Site "Chess.com"]
[Date "2024.06.25"]
[Round "8"]
[White "EternalNight8"]
[Black "enriquebutti"]
[Result "1-0"]
[WhiteElo "2388"]
[BlackElo "2190"]
[TimeControl "180+1"]
[EndTime "15:21:16 PDT"]
[Termination "EternalNight8 won by resignation"]

1. d4 Nf6 2. Bg5 d5 3. e3 g6 4. Bxf6 exf6 5. c4 c6 6. Nc3 Bg7 7. cxd5 cxd5 8. g3 Be6 9. Bg2 Nc6 10. Nge2 Rc8 11. O-O a6 12. Nf4 Ne7 13. Qb3 1-0

[Event "Late-Titled-Tuesday-Blitz-June-25-2024"]
[Site "Chess.com"]
[Date "2024.06.25"]
[Round "8"]
[White "GMsKoRPioN"]
[Black "schondeln"]
[Result "1/2-1/2"]
[WhiteElo "2592"]
[BlackElo "2384"]
[TimeControl "180+1"]
[EndTime "15:21:17 PDT"]
[Termination "Game drawn by repetition"]

1. d4 d5 2. c4 c6 3. Nf3 Nf6 4. Nc3 dxc4 5. a4 Bf5 6. e3 e6 7.
Bxc4 Bb4 8. O-O Nbd7 9. Qb3 a5 10.
Na2 Be7 11. Qxb7 Rb8 12. Qxc6 Rc8 13. Qa6 Ra8 14. Qb5 Rb8 15. Qa6 Ra8 16. Qb5 Rb8 17.
Qa6 Ra8 1/2-1/2

[Event "Late-Titled-Tuesday-Blitz-June-25-2024"]
[Site "Chess.com"]
[Date "2024.06.25"]
[Round "8"]
[White "bazar-wokzal"]
[Black "Kaustubh_Kodihalli"]
[Result "1-0"]
[WhiteElo "2613"]
[BlackElo "2458"]
[TimeControl "180+1"]
[EndTime "15:21:41 PDT"]
[Termination "bazar-wokzal won by resignation"]

1. e4 c5 2. c3 d5 3. exd5 Qxd5 4.
d4 g6 5. dxc5 Qxc5 6. Be3 Qc7 7.
Bxa7 b6 8. Bxb8 Rxb8 9. Bb5+ Bd7 10. Bxd7+ Qxd7 11. Qxd7+ Kxd7 12. Nf3 Bg7 13. Ke2 Nh6 14. Rd1+ Kc7 15. Na3 b5 16. Nc2 Nf5 17. Nb4 e6 18. Na6+ 1-0

[Event "Late-Titled-Tuesday-Blitz-June-25-2024"]
[Site "Chess.com"]
[Date "2024.06.25"]
[Round "8"]
[White "hansen"]
[Black "Pachonpower"]
[Result "1-0"]
[WhiteElo "2957"]
[BlackElo "2476"]
[TimeControl "180+1"]
[EndTime "15:21:46 PDT"]
[Termination "hansen won by resignation"]

1. e4 e6 2. Nf3 d5 3. Nc3 dxe4 4. Nxe4 Nd7 5. Qe2 Ngf6 6. g3 b6 7. Bg2 Bb7 8. d3 Be7 9. O-O O-O 10. a4 Re8 11.
Re1 Nf8 12. Neg5 h6 13. Nxf7 Kxf7 14. Ne5+ Kg8 15. Bxb7 Bd6 16. Bxa8 Qxa8 17. Qf3 Qxf3 18. Nxf3 e5 19. Kg2 Ng6 20. Bd2 Nd5 21. a5 b5 22. a6 c6 23. c4 bxc4 24. dxc4 Nb6 25. b3 c5 26. Bc3 e4 27. Nd2 1-0

[Event "Late-Titled-Tuesday-Blitz-June-25-2024"]
[Site "Chess.com"]
[Date "2024.06.25"]
[Round "8"]
[White "BerlinDrawer"]
[Black "KaydenTroffChess"]
[Result "0-1"]
[WhiteElo "2628"]
[BlackElo "2815"]
[TimeControl "180+1"]
[EndTime "15:22:10 PDT"]
[Termination "KaydenTroffChess won by resignation"]

1. a3 g6 2. Nf3 Bg7 3. c4 Nf6 4. Nc3 d5 5. cxd5 Nxd5 6. e4 Nxc3 7. dxc3 Qxd1+ 8. Kxd1 Nd7 9. Be3 Nf6 10. Bd4 Be6 11.
Nd2 O-O-O 12. Kc2 Bh6 13. Nb3 Nxe4 14. Bxh8 Nxf2 15. Bd4 Bf5+ 0-1

[Event "Late-Titled-Tuesday-Blitz-June-25-2024"]
[Site "Chess.com"]
[Date "2024.06.25"]
[Round "8"]
[White "MoldyTofu"]
[Black "gabduschew"]
[Result "0-1"]
[WhiteElo "2052"]
[BlackElo "2400"]
[TimeControl "180+1"]
[EndTime "15:22:35 PDT"]
[Termination "gabduschew won by resignation"]

1. b3 d5 2. Bb2 Nf6 3. e3 c5 4.
d4 Nc6 5. Nf3 Bg4 6. h3 Bh5 7. Be2 e6 8. Nbd2 Bd6 9. O-O O-O 10.
dxc5 Bxc5 11. Nd4 Bxd4 12. Bxd4 Nxd4 13. exd4 Bxe2 14. Qxe2 Rc8 15. Nf3 Ne4 16. Ne5 Rc3 17.
Rfd1 Qc7 18. Rac1 Rc8 19. f3 Ng3 20. Qf2 Rxc2 21. Rxc2 Qxc2 22. Rd2 Qc1+ 0-1

[Event "Late-Titled-Tuesday-Blitz-June-25-2024"]
[Site "Chess.com"]
[Date "2024.06.25"]
[Round "8"]
[White "talaicito"]
[Black "Oleg_Papayan"]
[Result "1-0"]
[WhiteElo "2386"]
[BlackElo "2486"]
[TimeControl "180+1"]
[EndTime "15:22:43 PDT"]
[Termination "talaicito won by resignation"]

1. d4 d5 2. Bf4 c5 3. e3 Nc6 4.
Nc3 Bf5 5. Nf3 cxd4 6. Nxd4 Nxd4 7. Qxd4 Nf6 8. Bb5+ Bd7 9. Nxd5 Nxd5 10. Bxd7+ Qxd7 11. O-O-O e6 12. c4 Nb6 13. Qc3 Qc7 14. Bxc7 1-0

[Event "Late-Titled-Tuesday-Blitz-June-25-2024"]
[Site "Chess.com"]
[Date "2024.06.25"]
[Round "8"]
[White "GM_dmitrij"]
[Black "lamomiajunior"]
[Result "1-0"]
[WhiteElo "2984"]
[BlackElo "2772"]
[TimeControl "180+1"]
[EndTime "15:22:50 PDT"]
[Termination "GM_dmitrij won by resignation"]

1. e4 c5 2. Nf3 d6 3. d4 cxd4 4. Nxd4 Nf6 5. Nc3 a6 6. f4 e5 7.
Nb3 Be7 8. fxe5 dxe5 9. Qxd8+ Bxd8 10. Be3 Nc6 11. Be2 O-O 12. O-O-O Be7 13. Bf3 Ng4 14. Bb6 Bg5+ 15. Kb1 Be3 16. Nd5 Bh6 17. Bc5 Rd8 18. Nb6 Rb8 19. Rxd8+ Nxd8 20. Nxc8 Rxc8 21. Bxg4 1-0

[Event "Late-Titled-Tuesday-Blitz-June-25-2024"]
[Site "Chess.com"]
[Date "2024.06.25"]
[Round "8"]
[White "FloMasterAAK"]
[Black "josiur"]
[Result "1-0"]
[WhiteElo "2612"]
[BlackElo "2470"]
[TimeControl "180+1"]
[EndTime "15:23:25 PDT"]
[Termination "FloMasterAAK won by checkmate"]

1. Nf3 d5 2. e3 Nf6 3. c4 e6 4.
b3 b6 5. Bb2 Bb7 6. g3 Nbd7 7.
Bg2 Bd6 8. O-O O-O 9. Nc3 c5 10. d3 Rc8 11. Qe2 Re8 12. Nh4 Bf8 13. f4 Qc7 14.
Rad1 dxc4 15. bxc4 Bxg2 16. Qxg2 Rcd8 17. e4 Nb8 18. f5 e5 19. Nd5 Nxd5 20. cxd5 f6 21. g4 Kh8 22. g5 c4 23. Rc1 Bc5+ 24. Kh1 cxd3 25. Rf3 Qe7 26. Ng6+ hxg6 27. Qh3+ Kg8 28. fxg6 Qf7 29. Qh7+ Kf8 30. gxf7 Kxf7 31. Rxf6+ Ke7 32.
Qxg7# 1-0

[Event "Late-Titled-Tuesday-Blitz-June-25-2024"]
[Site "Chess.com"]
[Date "2024.06.25"]
[Round "8"]
[White "JEHUBNER"]
[Black "kiwibobo"]
[Result "1/2-1/2"]
[WhiteElo "2003"]
[BlackElo "2343"]
[TimeControl "180+1"]
[EndTime "15:23:26 PDT"]
[Termination "Game drawn by repetition"]

1. e4 e5 2. Nf3 Nc6 3. Bc4 Nf6 4.
O-O Nxe4 5. d4 d5 6. Bb5 exd4 7. Nxd4 Bd7 8. Re1 Bd6 9. f3 Bxh2+ 10. Kxh2 Qh4+ 11. Kg1 Qf2+ 12. Kh1 Qh4+ 13. Kg1 Qf2+ 14. Kh2 Qh4+ 15. Kg1 1/2-1/2

[Event "Late-Titled-Tuesday-Blitz-June-25-2024"]
[Site "Chess.com"]
[Date "2024.06.25"]
[Round "8"]
[White "Slovak_fighter2000"]
[Black "KatakuriDono"]
[Result "1-0"]
[WhiteElo "2506"]
[BlackElo "2326"]
[TimeControl "180+1"]
[EndTime "15:23:28 PDT"]
[Termination "Slovak_fighter2000 won by resignation"]

1. c4 c5 2. Nc3 Nc6 3. Nf3 g6 4. g3 Bg7 5. Bg2 e5 6. O-O Nge7 7. Ne1 a6 8. Nc2 d6 9. a3 Be6 10. Ne3 f5 11. Ned5 O-O 12. b4 cxb4 13. axb4 Kh8 14. Rb1 e4 15. d3 exd3 16. Qxd3 Ne5 17. Qe3 Bxd5 18. Nxd5 Nxd5 19. Bxd5 Rb8 20. Bb2 b5 21. c5 dxc5 22. Rfd1 c4 23. Bxe5 1-0

[Event "Late-Titled-Tuesday-Blitz-June-25-2024"]
[Site "Chess.com"]
[Date "2024.06.25"]
[Round "8"]
[White "TheAlienParty"]
[Black "Bryanl106"]
[Result "0-1"]
[WhiteElo "2358"]
[BlackElo "2713"]
[TimeControl "180+1"]
[EndTime "15:23:36 PDT"]
[Termination "Bryanl106 won by checkmate"]

1. c4 Nf6 2. Nc3 g6 3. d4 Bg7 4. e4 d6 5. h3 O-O 6. Be3 c5 7.
d5 e6 8. g4 Re8 9. Qd2 exd5 10.
exd5 b5 11. cxb5 a6 12. bxa6 Bxa6 13. Be2 Nbd7 14. Nf3 Bxe2 15. Qxe2 Nb6 16. Rd1 Ne4 17. Nxe4 Rxe4 18. Qd3 Re8 19. b3 Rxa2 20. O-O Nd7 21. Bf4 Ne5 22. Nxe5 Bxe5 23. Bxe5 Rxe5 24. Rfe1 Qf6 25.
Rxe5 Qxf2+ 26. Kh1 Qh2# 0-1

[Event "Late-Titled-Tuesday-Blitz-June-25-2024"]
[Site "Chess.com"]
[Date "2024.06.25"]
[Round "8"]
[White "zajka-molotok"]
[Black "Stanbad1"]
[Result "1-0"]
[WhiteElo "2566"]
[BlackElo "2722"]
[TimeControl "180+1"]
[EndTime "15:23:45 PDT"]
[Termination "zajka-molotok won by checkmate"]

1. e4 e6 2. d4 d5 3. exd5 exd5 4.
Nf3 Bd6 5. Bd3 Nc6 6. c3 Nge7 7. Qc2 Bg4 8. Nbd2 Qd7 9. O-O f6 10. Re1 O-O-O 11. b4 Rde8 12. b5 Nd8 13. a4 g5 14. a5 h5 15. b6 a6 16. bxc7 Qxc7 17. Ba3 h4 18. Bxd6 Qxd6 19. c4 h3 20. cxd5+ Kb8 21.
Nc4 Qxd5 22. Be4 Qd7 23. Nb6 Qc7 24. Qxc7+ Kxc7 25. Rac1+ Kb8 26. d5 Nf7 27. Nd4 hxg2 28. Bxg2 Nd6 29. Ne6 Ka7 30. Ng7 Nef5 31. Nxe8 Nxe8 32.
Rc8 Nfd6 33. Ra8# 1-0

[Event "Late-Titled-Tuesday-Blitz-June-25-2024"]
[Site "Chess.com"]
[Date "2024.06.25"]
[Round "8"]
[White "ritanovikova"]
[Black "osielchesslover2011"]
[Result "0-1"]
[WhiteElo "2249"]
[BlackElo "2189"]
[TimeControl "180+1"]
[EndTime "15:23:46 PDT"]
[Termination "osielchesslover2011 won on time"]

1. e4 e5 2. Nf3 Nc6 3. Bc4 Nf6 4. Nc3 Bc5 5. d3 d6 6. h3 h6 7. a3 a6 8. O-O g5 9. Be3 g4 10. Bxc5 dxc5 11. hxg4 Bxg4 12. Nd5 Nd4 13. c3 Nxf3+ 14. gxf3 Bh3 15. Re1 Nxd5 16. Bxd5 Qg5+ 0-1

[Event "Late-Titled-Tuesday-Blitz-June-25-2024"]
[Site "Chess.com"]
[Date "2024.06.25"]
[Round "8"]
[White "Alex_Sahakyan2006"]
[Black "xasid81"]
[Result "0-1"]
[WhiteElo "2733"]
[BlackElo "2577"]
[TimeControl "180+1"]
[EndTime "15:23:58 PDT"]
[Termination "xasid81 won by resignation"]

1. e4 d5 2. exd5 Nf6 3. Nc3 Nxd5 4.
Qf3 e6 5. Bc4 Nb6 6. Bb3 Nc6 7.
Nge2 Be7 8. d4 Nxd4 9. Nxd4 Qxd4 10. Be3 Qf6 11. Qg3 Bd6 12. Ne4 Bxg3 13. Nxf6+ gxf6 14. hxg3 Bd7 15. Rh6 Nd5 16. Bxd5 exd5 17. Rxf6 Be6 18.
Bd4 O-O-O 19. Rh6 Rhe8 20. Kd2 Bf5 21. f3 Bg6 22. a4 b6 23. b4 Re6 24. Re1 Rxe1 25.
Kxe1 Bxc2 26. Kd2 Bg6 27. g4 Re8 28. Be3 Re6 29. f4 Be4 30. Rh2 Rg6 31. g5 Rc6 0-1